 Dungeon Crawl Stone Soup version 0.22-a0-430-g6609fc6 (webtiles) character file.

77 wazuzu the Magician (level 4, 0/27 HPs)
             Began as an Octopode Wizard on May 26, 2018.
             Slain by a hungry ghost (2 damage)
             ... on level 3 of the Dungeon.
             The game lasted 00:03:37 (2168 turns).

wazuzu the Magician (Octopode Wizard)               Turns: 2168, Time: 00:03:37

Health: 0/27       AC:  1    Str:  6    XL:     4   Next: 33%
Magic:  9/9        EV: 13    Int: 21    God:
Gold:   108        SH:  0    Dex: 10    Spells: 9/10 levels left

rFire    . . .     SeeInvis .   b - +1 dagger (venom)
rCold    . . .     Gourm    .   (no shield)
rNeg     . . .     Faith    .   a - +0 hat
rPois    .         Spirit   .   (no amulet)
rElec    .         Reflect  .   (no ring)
rCorr    .         Harm     .   (no ring)
MR       .....                  (no ring)
Stlth    +++.......             (no ring)
HPRegen  0.09/turn              (no ring)
MPRegen  0.11/turn              (no ring)
                                (no ring)
                                (no ring)

@: no status effects
A: almost no armour, stealthy swim, amphibious, 8 rings, constrict 8, camouflage
1, gelatinous body 1
a: no special abilities


You were on level 3 of the Dungeon.
You were not hungry.

You visited 1 branch of the dungeon, and saw 3 of its levels.

You collected 108 gold pieces.

Inventory:

Hand Weapons
 b - a +1 dagger of venom (weapon)
Missiles
 k - a throwing net (quivered)
Armour
 a - a +0 hat (worn)
Scrolls
 d - a scroll of enchant armour {unknown}
 e - a scroll of magic mapping {unknown}
 g - 3 scrolls of teleportation {unknown}
 h - 2 scrolls of identify {unknown}
 i - 2 scrolls of enchant weapon {unknown}
 m - 2 scrolls of remove curse {unknown}
 p - a scroll of immolation {unknown}
Potions
 f - a potion of haste {unknown}
 l - a potion of invisibility
 n - a potion of resistance {unknown}
Comestibles
 c - 5 rations
 o - a chunk of flesh


   Skills:
 - Level 2.0 Dodging
 - Level 2.6 Stealth
 + Level 3.6 Spellcasting
 * Level 3.3 Conjurations
   Level 1.0 Summonings
   Level 1.0 Translocations


You had 9 spell levels left.
You knew the following spells:

 Your Spells              Type           Power        Failure   Level  Hunger
z - Magic Dart            Conj           ###.         3%          1    None

Your spell library contained the following spells:

 Spells                   Type           Power        Failure   Level  Hunger
 Conjure Flame            Conj/Fire      ##......     19%         3    ###....
 Slow                     Hex            #.......     19%         2    ##.....
 Mephitic Cloud           Conj/Pois/Air  #.......     24%         3    ###....
 Blink                    Tloc           N/A          13%         2    ##.....
 Call Imp                 Summ           #.......     13%         2    ##.....


Dungeon Overview and Level Annotations

Branches:
Dungeon (3/15)

Altars:

Annotations:
D:2 Terence
D:3 Grinder


Innate Abilities, Weirdness & Mutations

You cannot wear most types of armour.
You are very stealthy in the water. (Stealth+)
You are amphibious.
You can wear up to eight rings at the same time.
You can use your tentacles to constrict eight enemies at once.
Your skin changes colour to match your surroundings (Stealth+).
Your rubbery body absorbs attacks. (AC +1, EV +1)


Message History

* * * LOW HITPOINT WARNING * * *
You feel slightly more hungry.
Okay, then.
Eat one of 4 chunks of flesh? (ye/n/q)
You eat one of the 4 chunks of flesh.
This raw flesh tastes terrible.
You are near starving!
The hungry ghost hits you.
* * * LOW HITPOINT WARNING * * *
You are starving!
Eat one of 3 chunks of flesh? (ye/n/q)
You eat one of the 3 chunks of flesh.
This raw flesh tastes terrible.
You are feeling very hungry.
The hungry ghost misses you.
Eat one of 2 chunks of flesh? (ye/n/q)
You eat one of the 2 chunks of flesh.
This raw flesh tastes terrible.
The hungry ghost closely misses you.
You hit the hungry ghost but do no damage.
The hungry ghost is lightly damaged.
The hungry ghost hits you.
You die...

.........#
#.........##
#.....$....
#.........#
#.........#
#..?..?...#
#.........#
#.....W<#
##...@.##
#######


You could see a hungry ghost.

Vanquished Creatures
  An adder (D:2)
  A dart slug (D:2)
  3 leopard geckos
  4 orcs (D:3)
  6 bats
  A giant cockroach (D:2)
  9 goblins
  8 hobgoblins
  6 jackals
  A kobold (D:3)
  A quokka (D:2)
  A ball python (D:2)
  8 rats
50 creatures vanquished.

Notes
Turn   | Place    | Note
-------+----------+-------------------------------------------
     0 | D:1      | wazuzu the Octopode Wizard began the quest for the Orb.
     0 | D:1      | Reached XP level 1. HP: 11/11 MP: 4/4
    82 | D:1      | Reached XP level 2. HP: 13/17 MP: 3/6
   682 | D:1      | Reached XP level 3. HP: 21/21 MP: 4/7
  1227 | D:2      | Noticed Terence
  1752 | D:2      | Reached XP level 4. HP: 23/27 MP: 0/9
  2094 | D:3      | Noticed Grinder
  2148 | D:3      | Noticed a hungry ghost
  2168 | D:3      | Slain by a hungry ghost

Vault maps used:
D:1:      co_arrival_square_in_a_square_in_a_square, serial_glass,
          glass_columns_a, glass_columns_a, hangedman_feature_mirror,
          grunt_decor_clamped
D:2:      uniq_terence
D:3:      grunt_ministairs_2, kennysheep_boxes, uniq_grinder

Skill      XL: |  1  2  3 |
---------------+----------+-----
Conjurations   | 2 3 |  3.3
Dodging        | |  2.0
Stealth        | |  2.6
Spellcasting   | |  3.6
Summonings     | |  1.0
Translocations | |  1.0

Action                   |  1- 3 |  4- 6 || total
-------------------------+-------+-------++-------
Melee: Unarmed           |    10 |       ||    10
       Tentacles         |     4 |     1 ||     5
       Constrict         |     5 |     1 ||     6
       Dagger            |     6 |    13 ||    19
 Cast: Magic Dart        |    74 |    23 ||    97
  Use: Potion            |       |     1 ||     1
  Eat: Chunk             |     2 |     4 ||     6
Armor: Skin              |     2 |     2 ||     4
Dodge: Dodged            |    16 |     6 ||    22

Table legend:
 A = Spawn XP
 B = Non-spawn XP
 C = Spawn XP percentage of total XP
 D = Spawn monster count
 E = Non-spawn monster count
 F = Spawn count percentage of total count
 G = Total turns spent on level
                    A         B        C        D         E        F      G
               +---------+---------+-------+---------+---------+-------+---------
         Total |       0 |     110 |   0.0 |       0 |      50 |   0.0 |  2168
               +---------+---------+-------+---------+---------+-------+---------
           D:1 |       0 |      42 |   0.0 |       0 |      24 |   0.0 |  1272
           D:2 |       0 |      48 |   0.0 |       0 |      19 |   0.0 |   733
           D:3 |       0 |      20 |   0.0 |       0 |       7 |   0.0 |   163
               +---------+---------+-------+---------+---------+-------+---------
